 Dungeon Crawl Stone Soup version 0.21.1-1-g345015f (webtiles) character file.

1176 sking99 the Basher (level 8, -1/46 HPs)
             Began as a Gargoyle Fighter on June 23, 2018.
             Was an Initiate of Ru.
             Slain by a gnoll sergeant
             ... wielding a +6 trident of protection
              (13 damage)
             ... on level 5 of the Dungeon.
             The game lasted 00:13:11 (4643 turns).

sking99 the Basher (Gargoyle Fighter)               Turns: 4643, Time: 00:13:12

Health: -1/46      AC: 12    Str: 20    XL:     8   Next: 41%
Magic:  8/8        EV:  7    Int:  9    God:    Ru [......]
Gold:   233        SH: 16    Dex: 11    Spells: 7/7 levels left

rFire    . . .     SeeInvis .   a - +1 flail
rCold    . . .     Gourm    .   c - +1 shield
rNeg     + . .     Faith    .   b - +0 scale mail
rPois    ∞         Spirit   .   (no helmet)
rElec    +         Reflect  +   (no cloak)
rCorr    .         Harm     .   (no gloves)
MR       .....                  (no boots)
Stlth    ..........             j - +6 amulet of reflection
HPRegen  0.15/turn              (no ring)
MPRegen  0.11/turn              (no ring)

@: no status effects
A: negative energy resistance 1, electricity resistance, unbreathing,
petrification resistance, rot immunity, AC +5
a: Renounce Religion


You were on level 5 of the Dungeon.
You worshipped Ru.
Ru was noncommittal.
You were not hungry.

You visited 1 branch of the dungeon, and saw 5 of its levels.

You collected 233 gold pieces.

Inventory:

Hand Weapons
 a - a +1 flail (weapon)
Armour
 b - a +0 scale mail (worn)
 c - a +1 shield (worn)
Jewellery
 j - a +6 amulet of reflection (around neck)
 l - an uncursed ring of teleportation
Scrolls
 e - 2 scrolls of enchant armour
 h - 3 scrolls of remove curse
 i - a scroll of immolation
 m - 3 scrolls of identify
 o - a scroll of enchant weapon
 p - a scroll of fear
 r - a scroll of random uselessness
 v - a scroll of blinking {unknown}
 x - a scroll of magic mapping {unknown}
Potions
 d - a potion of might
 g - 2 potions of curing
 k - a potion of agility {unknown}
 n - a potion of haste {unknown}
 q - a potion of degeneration {unknown}
 s - 2 potions of berserk rage {unknown}
 t - a potion of mutation {unknown}
Books
 u - a book of Minor Magic

   Spells                             Type                      Level
   a - Magic Dart                     Conjuration                  1
   b - Blink                          Translocation                2
   c - Call Imp                       Summoning                    2
   d - Slow                           Hexes                        2
   e - Conjure Flame                  Conjuration/Fire             3
   f - Mephitic Cloud                 Conjuration/Poison/Air       3
Comestibles
 f - 11 rations
 w - a chunk of flesh


   Skills:
 - Level 3.4 Fighting
 * Level 9.9 Maces & Flails
 - Level 3.4 Armour
 - Level 3.3 Shields


You had 7 spell levels left.
You didn't know any spells.

Dungeon Overview and Level Annotations

Branches:
Dungeon (5/15)
 Temple: D:4-7

Altars:
Dithmenos
Fedhas
Gozag
Okawaru
Ru
Trog
Uskayaw
Vehumet


Innate Abilities, Weirdness & Mutations

You are resistant to torment.
Your stone body is resilient. (AC +5)
You are immune to poison.
You resist negative energy. (rN+)
You are resistant to electric shocks. (rElec)
You can survive without breathing.
You are immune to petrification.
You are immune to rotting.


Message History

The gnoll sergeant is lightly wounded.
You block the quokka skeleton's attack. You block the gnoll sergeant's attack.
You hit the gnoll sergeant but do no damage.
The gnoll sergeant is lightly wounded.
The quokka skeleton bites you but does no damage.
You block the gnoll sergeant's attack.
You hit the gnoll sergeant but do no damage.
The gnoll sergeant is lightly wounded.
The quokka skeleton bites you but does no damage.
You block the gnoll sergeant's attack. The gnoll sergeant blocks your attack.
The gnoll sergeant is lightly wounded.
You block the quokka skeleton's attack.
The gnoll sergeant hits you with a trident of protection.
* * * LOW HITPOINT WARNING * * *
The gnoll sergeant blocks your attack.
The gnoll sergeant is lightly wounded.
You block the quokka skeleton's attack.
The gnoll sergeant hits you with a trident of protection!
You die...

....... ...<.##_##.....
....... #...#.###......
..... ...#...#..##..
#..#######..#.........#
#...).......#...#..#..#
###...##.#.#..#...#.....#
#..........#......#..#.##
#.#....gZ..#.#......##.#
# ###.##@###.#...>.....#
#.###.##.###.#.....#.###
#.......))##.........#
######..).......#....#
#.#............##
#.#..#.#..##.#.#
#.#..#.#..##.#.#
#.#.......##.#.#
#.##.#.#.##


You could see a gnoll sergeant and a quokka skeleton.

Vanquished Creatures
  A hornet (D:4)
  3 ogres (D:4)
  A centaur (D:5)
  A howler monkey (D:5)
  A quasit (D:4)
  A jelly (D:5)
  A centaur skeleton (D:5)
  A hound (D:4)
  2 iguanas
  2 worker ants
  A hound skeleton (D:5)
  8 adders
  9 gnolls
  A howler monkey skeleton (D:4)
  2 worms
  5 dart slugs
  A leopard gecko (D:2)
  8 orcs
  8 giant cockroaches
  13 goblins
  6 hobgoblins
  12 jackals
  16 kobolds
  3 quokkas
  6 bats
  7 frilled lizards
  9 rats
129 creatures vanquished.

Vanquished Creatures (others)
  A centaur (D:5)
1 creature vanquished.

Grand Total: 130 creatures vanquished

Notes
Turn   | Place    | Note
-------+----------+-------------------------------------------
     0 | D:1      | sking99 the Gargoyle Fighter began the quest for the Orb.
     0 | D:1      | Reached XP level 1. HP: 14/14 MP: 1/1
   136 | D:1      | Reached XP level 2. HP: 14/19 MP: 2/2
   407 | D:1      | Reached skill level 3 in Maces & Flails
   455 | D:1      | Reached XP level 3. HP: 22/23 MP: 3/3
   570 | D:1      | You fall through a shaft!
   950 | D:1      | Reached XP level 4. HP: 27/28 MP: 4/4
   967 | D:1      | Reached skill level 4 in Maces & Flails
  1304 | D:2      | Found a hide-covered altar of Uskayaw.
  1787 | D:2      | Found a shadowy altar of Dithmenos.
  1893 | D:2      | Reached XP level 5. HP: 20/32 MP: 5/5
  1895 | D:2      | Reached skill level 5 in Maces & Flails
  2861 | D:4      | Noticed an ogre
  2861 | D:4      | Noticed an ogre
  2869 | D:4      | Killed an ogre
  2869 | D:4      | Reached skill level 6 in Maces & Flails
  2869 | D:4      | Reached XP level 6. HP: 24/37 MP: 6/6
  3159 | D:4      | Reached skill level 7 in Maces & Flails
  3214 | D:4      | Found a radiant altar of Vehumet.
  3374 | D:4      | Reached XP level 7. HP: 34/41 MP: 7/7
  3783 | D:4      | Noticed a hornet
  3804 | D:4      | Killed a hornet
  3804 | D:4      | Reached skill level 8 in Maces & Flails
  3959 | D:5      | Entered Level 5 of the Dungeon
  3963 | D:5      | Found a faded altar of an unknown god.
  3963 | D:5      | Found an opulent altar of Gozag.
  3972 | D:5      | Found a faded altar of an unknown god.
  3974 | D:5      | Found a blossoming altar of Fedhas.
  3975 | D:5      | Found a sacrificial altar of Ru.
  3979 | D:5      | Became a worshipper of Ru the Awakened
  4040 | D:5      | Reached XP level 8. HP: 35/46 MP: 8/8
  4043 | D:5      | Reached skill level 9 in Maces & Flails
  4459 | D:5      | Found an iron altar of Okawaru.
  4460 | D:5      | Found a bloodstained altar of Trog.
  4643 | D:5      | Slain by a gnoll sergeant

Skill      XL: |  1  2  3  4  5  6  7  8 |
---------------+-------------------------+-----
Maces & Flails | 3 4 6 7 8 9 |  9.9
Fighting       | |  3.4
Armour         | |  3.4
Shields        | |  3.3

Action                   |  1- 3 |  4- 6 |  7- 9 || total
-------------------------+-------+-------+-------++-------
Melee: Flail             |   124 |   252 |   158 ||   534
  Use: Scroll            |       |     8 |       ||     8
  Eat: Chunk             |       |     9 |     4 ||    13
Armor: Scale mail        |    54 |   175 |    79 ||   308
Dodge: Dodged            |    39 |   110 |    46 ||   195
Block: Shield            |    70 |   179 |   163 ||   412
       Reflection        |       |       |    10 ||    10
